 Dungeon Crawl Stone Soup version 0.12.3 (webtiles) character file.

488 MordorOrchid the Covered (level 6, -11/75 HPs)
             Began as a Demonspawn Berserker on May 2, 2020.
             Was a Priest of Trog.
             Mangled by Pikel
             ... wielding a +1,+0 whip of electrocution
              (23 damage)
             ... on Level 3 of the Dungeon.
             The game lasted 00:08:50 (2831 turns).

MordorOrchid the Covered (Demonspawn Berserker)     Turns: 2831, Time: 00:08:50

HP -11/75        AC 11     Str 22      XL: 6   Next: 28%
MP   5/5         EV  9     Int  8      God: Trog [***...]
Gold 151         SH  0     Dex 15      Spells:  0 memorised,  5 levels left

Res.Fire  : . . .   See Invis. : .   y - +2,+0 short sword (venom)
Res.Cold  : . . .   Warding    : .   o - +2 orc ring mail
Life Prot.: . . .   Conserve   : .   (no shield)
Res.Poison: .       Res.Corr.  : .   (no helmet)
Res.Elec. : .       Clarity    : .   u - +0 cloak
Sust.Abil.: . .     Spirit.Shd : .   (no gloves)
Res.Mut.  : .       Stasis     : .   (no boots)
Res.Rott. : .       Ctrl.Telep.: .   (no amulet)
Saprovore : . . .   Flight     : .   (no ring)
                                     (no ring)

@: berserking, very quick, slightly resistant to hostile enchantments, extremely
unstealthy
A: hooves 2, nightstalker 1, AC +2
a: Burn Spellbooks, Berserk, Trog's Hand, Renounce Religion


You were on level 3 of the Dungeon.
You worshipped Trog.
Trog was greatly pleased with you.
You were hungry.

You visited 1 branch of the dungeon, and saw 4 of its levels.

You collected 131 gold pieces.

Inventory:

Hand weapons
 a - a +0,+0 hand axe {=f}
 n - a +1,+0 sling
 y - a +2,+0 short sword of venom (weapon)
 F - a +1,+3 orcish dagger
Missiles
 e - 14 poisoned needles
 i - 8 darts (quivered)
 s - 5 curare-tipped needles
 z - 4 darts of flame
 E - 6 javelins
Armour
 o - a +2 orcish ring mail (worn)
 u - a +0 cloak (worn)
Comestibles
 c - 3 bread rations
 j - a pear
 m - 4 meat rations
 G - a chunk of bat flesh
Scrolls
 b - a scroll of random uselessness {unknown}
 f - a scroll of noise
 g - 2 scrolls of blinking {unknown}
 p - 2 scrolls of remove curse {unknown}
 q - a scroll of fog {unknown}
 r - 2 scrolls of enchant weapon II {unknown}
 v - a scroll of magic mapping {unknown}
 x - a scroll of enchant armour
 A - a scroll of fear {unknown}
 C - a scroll of curse weapon {unknown}
 D - a scroll of enchant weapon I {unknown}
 H - 2 scrolls of teleportation {unknown}
Potions
 d - 2 potions of degeneration {unknown}
 h - 3 potions of heal wounds
 k - 2 potions of might {unknown}
 l - 2 potions of cure mutation
 t - 3 potions of curing
 w - a potion of invisibility {unknown}
 I - 3 potions of speed {unknown}


   Skills:
 - Level 3.0 Fighting
 * Level 4.6 Axes
 + Level 4.7 Armour
 - Level 1.7 Dodging


You had 5 spell levels left.
You didn't know any spells.

Dungeon Overview and Level Annotations

Branches:
Dungeon (4/27)
 Temple: D:4-7

Altars:
Cheibriados

Annotations
D:3 Pikel


Innate Abilities, Weirdness & Mutations

You have hoof-like feet.
You are mostly covered in rugged brown scales (AC +2, +5% HP).
You are slightly more attuned to the shadows.


Message History

Pikel is lightly wounded.
Throwing (i - inventory. (,) - cycle):
i - 9 darts (quivered)
Press: ? - help, Shift-Dir - straight line, f/p - Pikel
Aim: Pikel, wielding a runed whip and wearing a robe (lightly wounded)
You throw a dart. The dart misses Pikel.
Pikel sighs. "I should go into elves; they're easier to handle.
And prettier!"
Pikel hits you with a runed whip.
You are electrocuted!
You climb upwards.
There is a stone staircase leading down here.
Use which ability? (? or * to list)
A red film seems to cover your vision as you go berserk!
You feel yourself moving faster!
You feel mighty!
You are feeling hungry.
Pikel hits you with a whip of electrocution.
You are electrocuted!
* * * LOW HITPOINT WARNING * * *
You hit Pikel but do no damage. Your kick misses Pikel.
Pikel is lightly wounded.
Pikel hits you but does no damage.
You are electrocuted!
You die...

..# #.#...####.# #.# ### #.#.#.#
#.# #.# #########.###.####.# #.#
.......##.#......#.# #.#
.......##.#.#.##.#.#########.####
..[.........#.##.#...........#...
.......##.###.##.###########.#.##
###....#.......#.###########.#.#^
................@K...........#.#.
###.#..........#.#####.#####.#.#.
..#.#..##....###.# #.# #.#.#.
#.#.#####.##.#...# #.# #.#.##
#.#........#.#.#######.#####.#.#
#.#######..#...........#.....#.#
#..........###.#########.#####.#
##########.....# #...#.....#
####### #.###.#####


You could see Pikel.

Vanquished Creatures
  An ogre (D:4)
  A hound (D:4)
  An orc wizard (D:4)
  A worker ant (D:4)
  3 gnolls (D:3)
  4 adders
  2 worms
  2 giant mites
  7 orcs
  4 giant cockroaches
  6 goblins
  7 hobgoblins
  9 jackals
  4 kobolds
  A quokka (D:3)
  10 bats
  3 giant geckos
  5 giant newts
  4 rats
75 creatures vanquished.

Notes
Turn   | Place    | Note
--------------------------------------------------------------
     0 | D:1      | MordorOrchid, the Demonspawn Berserker, began the quest for the Orb.
     0 | D:1      | Reached XP level 1. HP: 18/18 MP: 0/0
   266 | D:1      | Gained mutation: You have large cloven feet. [demonic ancestry]
   266 | D:1      | Reached XP level 2. HP: 21/24 MP: 1/1
   631 | D:2      | Acquired Trog's second power
   711 | D:2      | Reached XP level 3. HP: 7/30 MP: 2/2
   824 | D:2      | Found a snail-covered altar of Cheibriados.
  1396 | D:3      | Gained mutation: You are partially covered in rugged brown scales (AC +1, +3% HP). [demonic ancestry]
  1396 | D:3      | Gained mutation: You are mostly covered in rugged brown scales (AC +2, +5% HP). [demonic ancestry]
  1396 | D:3      | Reached XP level 4. HP: 16/37 MP: 3/3
  2376 | D:3      | Reached skill level 4 in Armour
  2521 | D:4      | Reached XP level 5. HP: 43/43 MP: 4/4
  2578 | D:4      | Noticed an ogre
  2587 | D:4      | Killed an ogre
  2633 | D:4      | Gained mutation: You have hoof-like feet. [demonic ancestry]
  2633 | D:4      | Gained mutation: You are slightly more attuned to the shadows. [demonic ancestry]
  2633 | D:4      | Reached XP level 6. HP: 29/50 MP: 5/5
  2791 | D:4      | Noticed Pikel
  2793 | D:4      | Noticed a slave
  2831 | D:3      | Mangled by Pikel

Action                   |  1- 3 |  4- 6 || total
-------------------------+-------+-------++-------
Melee: Hand axe          |    92 |       ||    92
       Short sword       |    18 |    83 ||   101
Throw: Dart              |     9 |     5 ||    14
       Javelin           |     3 |    40 ||    43
Invok: Berserk           |       |     1 ||     1
       Trog's Hand       |       |     1 ||     1
  Use: Scroll            |     4 |     1 ||     5
